 Dungeon Crawl Stone Soup version 0.24.0-123-gd5b16e6ec5 (webtiles) character file.

Game seed: 17289093175783836039, levelgen mode: deterministic

21602 Johnny the Geomancer (level 12, -2/81 HPs)
             Began as a Demigod Earth Elementalist on Feb 2, 2020.
             Slain by a meliai simulacrum (20 damage)
             ... on level 12 of the Dungeon.
             The game lasted 00:45:55 (12730 turns).

Johnny the Geomancer (Demigod Earth Elementalist)  Turns: 12730, Time: 00:45:56

Health: -2/81      AC: 10    Str: 11    XL:     12   Next: 25%
Magic:  18/46      EV: 12    Int: 27    God:
Gold:   892        SH:  7    Dex: 16    Spells: 19/32 levels left

rFire    . . .     SeeInvis .   H - staff of power (curse)
rCold    . . .     Gourm    .   o - +0 buckler
rNeg     . . .     Faith    .   N - +1 troll leather armour
rPois    .         Spirit   .   q - +0 helmet
rElec    .         Reflect  .   U - scarf {repulsion}
rCorr    .         Harm     .   x - +0 pair of gloves
MR       +....                  (no boots)
Stlth    +.........             (no amulet)
HPRegen  0.63/turn              z - +3 ring of protection
MPRegen  0.30/turn              I - ring of attention (curse)

@: repel missiles
A: high mp 1
a: no special abilities


You were on level 12 of the Dungeon.
You were very hungry.

You visited 2 branches of the dungeon, and saw 13 of its levels.
You also visited: Sewer and Ice Cave.

You collected 892 gold pieces.

Inventory:

Hand Weapons
 v - a +0 spear
Missiles
 b - 4 throwing nets (quivered)
Armour
 o - a +0 buckler (worn)
 q - a +0 helmet (worn)
 x - a +0 pair of gloves (worn)
 K - the +8 orange crystal plate armour {Archmagi, Int+3 Clar}
   (You found it in an ice cave)

   It affects your intelligence (+3).
   It protects you against confusion.
 N - a +1 troll leather armour (worn)
 O - a +0 shield
 U - a scarf of repulsion (worn)
Magical Staves
 H - a cursed staff of power (weapon)
 L - an uncursed staff of earth {unknown}
Jewellery
 a - an uncursed ring of positive energy
 t - an uncursed ring of ice
 u - an uncursed ring of resist corrosion
 z - a +3 ring of protection (left hand)
 I - a cursed ring of attention (right hand)
 X - an uncursed ring of ice
Wands
 c - a wand of iceblast (12)
 D - a wand of digging (6)
 M - a wand of random effects (16)
 P - a wand of polymorph (18)
 S - a wand of enslavement (13)
Scrolls
 f - a scroll of magic mapping
 h - 9 scrolls of teleportation
 i - 4 scrolls of fear
 k - 5 scrolls of immolation
 m - 9 scrolls of remove curse
 r - 3 scrolls of enchant weapon
 s - 3 scrolls of fog
 E - 3 scrolls of blinking {unknown}
 G - 4 scrolls of amnesia {unknown}
 J - a scroll of silence {unknown}
 R - 2 scrolls of random uselessness {unknown}
 V - a scroll of vulnerability {unknown}
Potions
 e - 3 potions of heal wounds
 j - 6 potions of mutation
 l - 3 potions of magic {unknown}
 n - 4 potions of curing
 p - 3 potions of brilliance
 w - 3 potions of resistance {unknown}
 A - a potion of invisibility {unknown}
 C - 5 potions of might {unknown}
 F - 3 potions of degeneration {unknown}
 Q - 2 potions of flight {unknown}
 T - 2 potions of cancellation {unknown}
Comestibles
 d - 22 rations


   Skills:
 + Level 1.0 Armour
 - Level 1.7 Dodging
 - Level 1.7 Stealth
 - Level 10.8 Shields
 + Level 10.6 Spellcasting
 - Level 0.8 Transmutations
 + Level 11.6 Earth Magic


You had 19 spell levels left.
You knew the following spells:

 Your Spells              Type           Power        Failure   Level  Hunger
a - Sandblast             Erth           ######       1%          1    None
b - Stone Arrow           Conj/Erth      #####.       1%          3    None
c - Lee's Rapid Deconstr  Erth           ######....   1%          5    ###....
d - Petrify               Tmut/Erth      #####...     4%          4    None

Your spell library contained the following spells:

 Spells                   Type           Power        Failure   Level  Hunger
 Passwall                 Tmut/Erth      #####...     1%          2    None
 Flame Tongue             Conj/Fire      ##...        5%          1    None
 Throw Flame              Conj/Fire      ##....       9%          2    None
 Conjure Flame            Conj/Fire      ##......     16%         3    None
 Inner Flame              Hex/Fire       ##......     16%         3    None
 Ice Form                 Ice/Tmut       ###.....     41%         4    None
 Sticky Flame             Conj/Fire      ##......     47%         4    None
 Fireball                 Conj/Fire      ##........   83%         5    ###....
 Metabolic Englaciation   Hex/Ice        ##........   83%         5    ###....
 Bolt of Cold             Conj/Ice       ##........   100%        6    #####..
 Freezing Cloud           Conj/Ice/Air   ##........   100%        6    #####..
 Ozocubu's Refrigeration  Ice            ##........   100%        6    #####..
 Simulacrum               Ice/Necr       ##........   100%        6    #####..


Dungeon Overview and Level Annotations

Branches:
Dungeon (12/15)            Temple (1/1) D:7            Lair (0/6) D:8
    Orc (0/2) D:9           Sewer (visited)           IceCv (visited)

Shops:
D:9 (


Innate Abilities, Weirdness & Mutations

You have an increased reservoir of magic. (+10% MP)


Message History

Casting: Stone Arrow (safe; 1% risk of failure)
Confirm with . or Enter, or press ? or * to list all spells.
Aiming: Stone Arrow (safe; 1% risk of failure)
Press: ? - help, Shift-Dir - straight line, f/p - wolf
Aim: a wolf (almost dead)
The stone arrow hits the wolf!
You kill the wolf!
The meliai simulacrum hits you but does no damage.
The meliai simulacrum misses you. The white imp gestures at you.
The puff of frost hits you. The meliai simulacrum hits you.
The meliai simulacrum freezes you! The meliai simulacrum misses you.
The white imp gestures at you. The puff of frost misses you.
The meliai simulacrum hits you. The meliai simulacrum freezes you!!
* * * LOW HITPOINT WARNING * * *
The meliai simulacrum hits you.
* * * LOW HITPOINT WARNING * * *
The meliai simulacrum freezes you!!
You die...

,,,..#.#.........≈≈≈≈≈...........
,,,..............................
,,,...............).......)......
,,,........5..............)......
,,,......................).......
,,,......†.......................
,,,........!..5..................
,,,............5.................
,,,......<.....Z@......!.......[.
,,,........################...#..
,,,.>......#* #...#..
,,,.........**** #...###
*,,,.≈.!...,,,,* ####*
*,,,,.≈≈≈≈≈,,,,* ###
**,,,≈≈≈≈≈,,,,,* #..
*,,,≈≈≈≈≈,,,,** #..
**,,≈≈≈≈≈≈,,,,* #..


You could see 3 white imps and a meliai simulacrum.

Vanquished Creatures
  A frost giant (IceCv)
  Erolcha (D:9)
  Erica (D:10)
  An ugly thing (D:12)
  An ice statue (IceCv)
  2 gargoyles
  5 rime drakes
  22 polar bears
  A merfolk (D:10)
  3 trolls
  A hippogriff (D:12)
  A meliai zombie (D:11)
  Eustachio (D:6)
  24 yaks
  3 hungry ghosts
  2 water moccasins
  Purgy (Sewer)
  4 phantoms
  2 ice beasts (D:6)
  3 black bears
  3 sky beasts
  An eye of draining (D:12)
  2 orc warriors
  7 centaurs
  16 wolves
  5 ogres
  2 big kobolds
  6 bullfrogs
  A wyvern zombie (D:9)
  A water moccasin zombie (D:9)
  3 scorpions
  3 wights (D:9)
  A howler monkey (D:6)
  An electric eel (D:12)
  4 jellies
  3 crimson imps
  2 centaur zombies
  4 hounds
  4 bullfrog skeletons
  2 centaur skeletons
  4 orc priests
  Crazy Yiuf (D:3)
  Jessica (D:2)
  10 iguanas
  9 orc wizards
  7 worker ants
  A bullfrog simulacrum (D:12)
  2 worker ant zombies (D:11)
  16 adders
  6 shadow imps
  2 white imps (D:12)
  An ufetubus (D:12)
  An adder skeleton (D:6)
  An adder zombie (D:5)
  6 worms
  3 dart slugs
  7 leopard geckos
  29 orcs
  10 bats
  3 giant cockroaches
  3 goblins
  5 hobgoblins
  2 jackals (D:6)
  13 kobolds
  8 quokkas
  6 ball pythons
  12 frilled lizards
  A giant cockroach zombie (D:5)
  A jackal skeleton (D:5)
  A leopard gecko skeleton (D:4)
  4 rats
327 creatures vanquished.

Vanquished Creatures (others)
  2 wolves (IceCv)
  A white imp (D:12)
3 creatures vanquished.

Grand Total: 330 creatures vanquished

Notes
Turn   | Place    | Note
-------+----------+-------------------------------------------
     0 | D:1      | Johnny the Demigod Earth Elementalist began the quest for
                  | the Orb.
     0 | D:1      | Reached XP level 1. HP: 14/14 MP: 5/5
    84 | D:1      | Reached skill level 3 in Earth Magic
    91 | D:1      | Reached XP level 2. HP: 16/20 MP: 0/7
   888 | D:2      | Reached XP level 3. HP: 26/26 MP: 5/9
  1184 | D:2      | Noticed Jessica
  1188 | D:2      | Killed Jessica
  1390 | D:3      | Reached XP level 4. HP: 33/33 MP: 5/11
  1487 | D:3      | Reached skill level 1 in Shields
  1515 | D:3      | Found a sparkling altar of Nemelex Xobeh.
  1629 | D:3      | Found a shadowy altar of Dithmenos.
  1697 | D:3      | You fall into a shaft and drop 2 floors!
  1697 | D:5      | Entered Level 5 of the Dungeon
  1732 | D:5      | Reached skill level 4 in Earth Magic
  1857 | D:4      | Reached XP level 5. HP: 38/38 MP: 8/12
  1924 | D:4      | Noticed an ogre
  1929 | D:4      | Killed an ogre
  1933 | D:4      | Reached XP level 6. HP: 40/45 MP: 6/14
  2057 | D:4      | Noticed a water moccasin
  2073 | D:4      | Killed a water moccasin
  2080 | D:4      | Reached skill level 5 in Earth Magic
  2083 | D:4      | Reached XP level 7. HP: 19/50 MP: 0/16
  2992 | D:3      | Found a runed translucent door.
  2993 | D:3      | Noticed Crazy Yiuf
  3154 | D:3      | Killed Crazy Yiuf
  3317 | D:5      | Reached skill level 5 in Spellcasting
  3340 | D:5      | Reached skill level 6 in Earth Magic
  3340 | D:5      | Reached XP level 8. HP: 45/57 MP: 7/19
  3648 | D:5      | Learned a level 3 spell: Stone Arrow
  3654 | D:5      | Learned a level 5 spell: Lee's Rapid Deconstruction
  3659 | D:5      | Learned a level 4 spell: Petrify
  3697 | D:5      | Reached skill level 5 in Shields
  4137 | D:6      | Found a glowing drain.
  4148 | Sewer    | Entered a sewer
  4226 | Sewer    | Noticed Purgy
  4233 | Sewer    | Killed Purgy
  4368 | D:6      | Found a basalt altar of Yredelemnul.
  4613 | D:6      | Reached skill level 7 in Earth Magic
  5282 | D:6      | Reached XP level 9. HP: 62/62 MP: 11/22
  5342 | D:6      | Noticed Eustachio
  5346 | D:6      | Killed Eustachio
  5585 | D:6      | Noticed Sigmund
  5595 | D:6      | Noticed Sigmund
  5595 | D:6      | Sigmund changed into Sigmund the centaur
  5615 | D:6      | Killed Sigmund the centaur
  6697 | D:7      | Found a snail-covered altar of Cheibriados.
  6844 | D:7      | Found a staircase to the Ecumenical Temple.
  6901 | D:7      | Reached skill level 8 in Earth Magic
  7114 | Temple   | Entered the Ecumenical Temple
  7315 | D:8      | Found a glowing golden altar of the Shining One.
  7396 | D:8      | Found a staircase to the Lair.
  7554 | D:8      | Found a hazy altar of Hepliaklqana.
  7564 | D:8      | Found an ancient bone altar of Kikubaaqudgha.
  7762 | D:9      | Found a staircase to the Orcish Mines.
  8075 | D:9      | Found Deytin's Antique Weapon Shop.
  8118 | D:9      | Found a shattered altar of Ashenzari.
  8128 | D:9      | Found a blossoming altar of Fedhas.
  8131 | D:9      | Found a hide-covered altar of Uskayaw.
  8139 | D:9      | Found a burning altar of Makhleb.
  8395 | D:9      | Noticed Erolcha
  8406 | D:9      | Killed Erolcha
  8406 | D:9      | Reached XP level 10. HP: 34/69 MP: 16/26
  8698 | D:10     | Entered Level 10 of the Dungeon
  8853 | D:10     | Reached skill level 9 in Earth Magic
  8940 | D:10     | Found an iron altar of Okawaru.
  9078 | D:10     | Noticed Erica
  9083 | D:10     | Killed Erica
 10274 | D:11     | Reached XP level 11. HP: 74/74 MP: 28/28
 10308 | D:11     | Got a translucent chain mail
 10413 | D:11     | Reached skill level 10 in Earth Magic
 10678 | D:12     | Found a frozen archway.
 10689 | IceCv    | Entered an ice cave
 11510 | IceCv    | Reached skill level 10 in Shields
 11713 | IceCv    | Reached skill level 10 in Spellcasting
 11719 | IceCv    | Reached skill level 11 in Earth Magic
 12055 | IceCv    | Reached XP level 12. HP: 77/81 MP: 6/30
 12482 | IceCv    | Noticed a frost giant
 12491 | IceCv    | Killed a frost giant
 12576 | IceCv    | Found the +8 orange crystal plate armour {Archmagi, Int+3
                  | Clar}
 12705 | D:12     | Identified the cursed +1 chain mail of the Prince of
                  | Darkness {rF+ rCorr Int-5} (You found it on level 11 of the
                  | Dungeon)
 12719 | D:12     | Reached skill level 1 in Armour
 12730 | D:12     | Slain by a meliai simulacrum

Levels and vault maps discovered:
D:1:      minmay_arrival_three_doors, layout_basic, minmay_misc_feat_five
D:2:      layout_loops_ring, first_ration, uniq_jessica
D:3:      layout_rooms, nicolae_dithmenos_through_a_glass_darkly,
          old_standard_altar, uniq_crazy_yiuf_cottage
D:4:      layout_rooms, interstate_on_off, lexackson_kobold_supper
D:5:      layout_basic
D:6:      layout_layer_cave, nicolae_overflow_crystal_walls,
          portal_sewer_entry_f, uniq_sigmund, uniq_eustachio
D:7:      layout_gridville, slow_altar_1, minmay_temple_entry_glassed_door
D:8:      layout_rooms, nicolae_overflow_hidden_temple, kennysheep_mini,
          dpeg_oklobed_lair, tgw_kikubaaqudgha
D:9:      layout_layer_cave, grunt_temple_overflow_cloverleaf, orc_0_dummy,
          serial_shops, shop, uniq_erolcha
D:10:     layout_cave_pods, serial_column_ruins, column_ruins_hut,
          column_ruins_hut_ruined, column_ruins_corridor_corner,
          column_ruins_grid_1, column_ruins_open_small, column_ruins_open_tiny,
          column_ruins_corridor_straight, hangedman_fish_farm, minivault_11,
          okawaru_metal_pillars_1_2, uniq_erica
D:11:     layout_loops_ring
D:12:     layout_cross, serial_ice, serial_ice_f, serial_ice_h, serial_ice_i,
          serial_ice_o, serial_ice_e, serial_ice_b, portal_ice_cave_rime,
          minivault_19, uniq_urug
Temple:   nicolae_temple_no_exploring_needed

Skill      XL: |  1  2  3  4  5  6  7  8  9 10 11 12 |
---------------+-------------------------------------+-----
Spellcasting   | 2 3 4 5 6 7 9 10 | 10.6
Earth Magic    | 3 4 5 6 7 8 9 11 | 11.6
Shields        | 1 2 3 4 6 7 8 10 | 10.8
Armour         | 1 |  1.0
Dodging        | |  1.7
Stealth        | |  1.7
Transmutations | |  0.8

Action                   |  1- 3 |  4- 6 |  7- 9 | 10-12 || total
-------------------------+-------+-------+-------+-------++-------
Melee: Unarmed           |     8 |     2 |       |       ||    10
       Spear             |       |       |    48 |       ||    48
       Staff             |       |       |     1 |     4 ||     5
Throw: Throwing net      |       |       |     4 |       ||     4
 Cast: Sandblast         |    53 |    63 |   136 |    97 ||   349
       Stone Arrow       |       |       |    91 |    90 ||   181
       Lee's Rapid Decon |       |       |    22 |    78 ||   100
       Petrify           |       |       |     3 |     1 ||     4
Evoke: Wand              |       |       |    12 |    32 ||    44
  Use: Scroll            |       |       |    11 |     4 ||    15
       Potion            |       |       |     2 |     1 ||     3
  Eat: Chunk             |     2 |     2 |    21 |    23 ||    48
       Ration            |       |       |     1 |     1 ||     2
Armor: Robe              |     9 |     6 |    29 |       ||    44
       Skin              |       |       |     5 |       ||     5
       Troll leather arm |       |       |     1 |    53 ||    54
Dodge: Dodged            |    16 |    21 |    65 |    85 ||   187
       Deflected         |       |       |       |     4 ||     4
Block: Buckler           |     1 |     7 |    25 |    41 ||    74
